 Dungeon Crawl Stone Soup version 0.26.1-11-gd32895ea62 (webtiles) character file.

Game seed: 14512053813628224969

128501 Almogavar the Warrior (level 16, -1/159 HPs)
             Began as a Minotaur Fighter on Apr 22, 2021.
             Was the Champion of the Shining One.
             Killed from afar by Nikola (8 damage)
             ... with a chain lightning
             ... on level 3 of the Swamp.
             The game lasted 01:21:52 (29287 turns).

Almogavar the Warrior (Minotaur Fighter)           Turns: 29287, Time: 01:21:52

Health: -1/159     AC: 38    Str: 29    XL:     16   Next: 48%
Magic:  28/28      EV: 12    Int: 16    God:    the Shining One [******]
Gold:   2147       SH: 23    Dex: 12    Spells: 15/15 levels left

rFire    + . .     SeeInvis .   a - +3 scimitar (flame)
rCold    . . .     Faith    .   c - +0 kite shield
rNeg     + + +     Spirit   .   I - +3 plate armour {rF+}
rPois    +         Reflect  .   L - +3 hat of Pondering {ponderous, Will+ MP+10 Int+5}
rElec    .         Harm     .   M - +2 cloak {Stlth+}
rCorr    .         Rampage  .   s - +2 pair of gloves
Will     ++...                  j - +2 pair of boots
Stlth    ..........             y - amulet "Hemithues" {rPois Regen+ Dex+3}
HPRegen  0.76/turn              F - +6 ring of intelligence
MPRegen  0.21/turn              A - +4 ring of protection

@: divine shield, glowing, slow
A: retaliatory headbutt, horns 2
a: Renounce Religion, Divine Shield, Cleansing Flame, Summon Divine Warrior,
Brand Weapon With Holy Wrath


You were on level 3 of the Swamp.
You worshipped the Shining One.
The Shining One was exalted by your worship.
You visited 5 branches of the dungeon, and saw 27 of its levels.
You also visited: Ice Cave.

You collected 2695 gold pieces.
You spent 548 gold pieces at shops.

Inventory:

Hand Weapons
 a - a +3 scimitar of flaming (weapon)
 E - the +5 morningstar of Nuuneume {protect, Will++ Int+3 Dex-4}
   (You found it on level 10 of the Dungeon)

   It grants its wielder temporary protection when it strikes (+7 to AC).
   It affects your intelligence (+3).
   It affects your dexterity (-4).
   It affects your willpower, your defense against some magical effects.
 T - a +2 long sword of holy wrath
Missiles
 q - 140 bolts
Armour
 c - a +0 kite shield (worn)
 j - a +2 pair of boots (worn)
 s - a +2 pair of gloves (worn)
 I - a +3 plate armour of fire resistance (worn)
 L - the +3 hat of Pondering (worn) {ponderous, Will+ MP+10 Int+5}
   (You took it off Gastronok on level 2 of the Lair of Beasts)

   It affects your intelligence (+5).
   It affects your willpower, your defense against some magical effects.
   It affects your magic capacity (+10).
 M - a +2 cloak of stealth (worn)
Jewellery
 y - the amulet "Hemithues" (around neck) {rPois Regen+ Dex+3}
   (You found it on level 1 of the Lair of Beasts)

   [amulet of regeneration]

   It affects your dexterity (+3).
   It protects you from poison.
   It increases your rate of regeneration.
 A - a +4 ring of protection (right hand)
 B - an uncursed ring of willpower
 F - a +6 ring of intelligence (left hand)
 N - an uncursed ring of willpower
Wands
 b - a wand of acid (36)
 i - a wand of iceblast (18)
 n - a wand of flame (61)
 w - a wand of digging (6)
 z - a wand of disintegration (47)
 H - a wand of paralysis (10)
 P - a wand of enslavement (7)
Scrolls
 g - 6 scrolls of fear
 k - 22 scrolls of remove curse
 l - 7 scrolls of fog
 m - 4 scrolls of teleportation
 p - 3 scrolls of blinking
 t - 3 scrolls of summoning
 u - 2 scrolls of enchant armour
 v - a scroll of holy word
 K - a scroll of enchant weapon
 S - a scroll of magic mapping
Potions
 d - a potion of might
 e - 8 potions of heal wounds
 f - 3 potions of berserk rage
 h - 2 potions of ambrosia
 o - 9 potions of curing
 r - 4 potions of resistance
 C - a potion of cancellation {unknown}
 G - a potion of flight
 Q - 2 potions of haste
Miscellaneous
 x - a phantom mirror


   Skills:
 + Level 18.9 Fighting
 - Level 14.2 Long Blades
 + Level 7.3 Crossbows
 + Level 16.7 Armour
 + Level 7.6 Dodging
 - Level 0.1 Stealth
 - Level 15.0 Shields
 + Level 4.6 Invocations
 + Level 4.0 Evocations


You had 15 spell levels left.
You didn't know any spells.
Your spell library contained the following spells:

 Spells                   Type           Power        Failure   Level
 Animate Skeleton         Necr           0%           78%         1
 Apportation              Tloc           0%           78%         1
 Corona                   Hex            0%           78%         1
 Foxfire                  Conj/Fire      0%           78%         1
 Pain                     Necr           0%           78%         1
 Sting                    Tmut/Pois      0%           78%         1
 Summon Small Mammal      Summ           0%           78%         1
 Ensorcelled Hibernation  Hex/Ice        0%           89%         2
 Poisonous Vapours        Pois/Air       0%           89%         2
 Slow                     Hex            0%           89%         2
 Confusing Touch          Hex            0%           98%         3
 Conjure Flame            Conj/Fire      0%           98%         3
 Dazzling Flash           Conj/Hex       0%           98%         3
 Gell's Gravitas          Tloc           0%           98%         3
 Ignite Poison            Fire/Tmut/Pois 0%           98%         3
 Inner Flame              Hex/Fire       0%           98%         3
 Mephitic Cloud           Conj/Pois/Air  0%           98%         3
 Portal Projectile        Hex/Tloc       0%           98%         3
 Teleport Other           Tloc           0%           98%         3
 Tukima's Dance           Hex            0%           98%         3
 Vampiric Draining        Necr           0%           98%         3
 Animate Dead             Necr           0%           100%        4
 Cause Fear               Hex            0%           100%        4
 Leda's Liquefaction      Hex/Erth       0%           100%        4
 Olgreb's Toxic Radiance  Pois           0%           100%        4
 Sticky Flame             Conj/Fire      0%           100%        4
 Agony                    Necr           0%           100%        5
 Fireball                 Conj/Fire      0%           100%        5
 Freezing Cloud           Conj/Ice/Air   0%           100%        6
 Malign Gateway           Summ/Tloc      0%           100%        7


Dungeon Overview and Level Annotations

Branches:
Dungeon (15/15)            Temple (1/1) D:6            Lair (6/6) D:9
  Swamp (3/4) Lair:2       Spider (0/4) Lair:2          Orc (2/2) D:11
    Elf (0/3) Orc:2        Vaults (0/5) D:14         Depths (0/5) D:15
  IceCv (visited)
  Slime: Lair:5-6

Altars:
Ashenzari
Cheibriados
Dithmenos
Elyvilon
Fedhas
Gozag
Hepliaklqana
Kikubaaqudgha
Makhleb
Nemelex Xobeh
Okawaru
Qazlal
Ru
Sif Muna
Trog
Uskayaw
Vehumet
Wu Jian
Xom
Yredelemnul
Zin
The Shining One
Beogh

Shops:
D:5 ([[*[   D:9 [!::   D:15 *[[!(   Orc:2 (=[**

Annotations:
D:9 exclusion: ice statue
Lair:5 exclusion: 3 oklob plants
Swamp:3 Nikola


Innate Abilities, Weirdness & Mutations

You reflexively headbutt those who attack you in melee.
You have a pair of horns on your head.


Message History

Found a swamp worm corpse.
You slash Nikola! You burn Nikola.
Nikola is almost dead.
Nikola gestures at you while chanting. The bolt of lightning hits you!!!
* * * LOW HITPOINT WARNING * * *
You feel much better.
Nikola says, "There's a spark of magic in your eyes."
Nikola casts a spell at you. The zap hits you but does no damage.
Nikola blocks your attack.
Nikola is almost dead.
Nikola mumbles some strange words.
You hear a mighty clap of thunder!
The lightning arc hits you!!
* * * LOW HITPOINT WARNING * * *
The lightning arc hits Nikola.
The lightning arc hits you!! The Shining One protects you from harm!
The lightning arc hits Nikola!
The lightning arc hits you!
You die...

≈^≈♣♣♣♣.≈.♣.≈...≈≈..♣♣♣
♣.≈♣♣♣.....§.≈♣.♣♣ ♣.♣
♣♣........≈≈♣ ≈≈.
♣.....≈=≈.≈.≈ .≈.
♣≈.≈.≈§≈..... ♣
♣♣.§..≈..≈.≈≈
♣.[....≈(≈..
#..♣≈.....≈≈..
/..#..≈≈@§≈...≈. ....
##..@.≈...≈§. ..#
#....≈..≈.≈≈ .
.'.....≈.≈.≈.
..D...§.....≈.≈
..##...≈...≈..≈ .#
.[≈♣≈≈...≈..
.^....†.≈.≈≈.


You could see Nikola and a four-headed hydra.

Vanquished Creatures
  Kirke (D:12)
  Gastronok (Lair:2)
  An orc warlord (Orc:2)
  4 dire elephants (Lair:6)
  6 bunyips
  4 eleionomae
  3 boulder beetles
  4 ghost crabs
  9 hydras
  An anaconda (Lair:6)
  3 alligators (Swamp:2)
  5 two-headed ogres
  2 dancing weapons (D:14)
  Erica (D:8)
  4 orc high priests
  An ogre mage (D:15)
  4 death yaks (Lair:2)
  A tengu warrior (D:13)
  A deep elf knight (Swamp:2)
  A spriggan berserker (Swamp:2)
  Sonja (D:12)
  2 skeletal warriors (D:14)
  4 goliath frogs
  2 spriggan druids
  2 unseen horrors
  6 swamp dragons
  2 wizards (D:15)
  2 deep elf magi
  3 bog bodies
  A lindwurm (Lair:5)
  5 orc knights
  A wolf spider zombie (D:13)
  2 necromancers
  Pikel (D:8)
  6 orc sorcerers
  8 will-o-the-wisps
  A manticore (D:13)
  Maurice (D:8)
  3 cyclopes
  19 elephants
  4 ice statues (IceCv)
  2 black mambas
  A naga mage (D:15)
  18 cane toads
  A torpor snail (Lair:6)
  A kobold demonologist (D:12)
  A centaur skeleton (D:15)
  A rime drake (Lair:4)
  12 komodo dragons
  7 ice devils
  3 trolls
  3 polar bears
  4 jumping spiders
  8 hornets
  3 dream sheep (Lair:6)
  6 tyrant leeches
  15 blink frogs
  A wolf spider simulacrum (D:15)
  A meliai zombie (D:14)
  Grinder (D:6)
  17 flying skulls (D:14)
  6 redbacks (Lair:2)
  8 spriggans
  A shadow (D:14)
  7 wyverns
  23 yaks
  3 slime creatures (D:13)
  A vampire (D:15)
  3 wraiths
  9 basilisks
  A steam dragon (Lair:2)
  3 hogs (D:12)
  2 wargs (Orc:1)
  12 swamp worms
  14 vampire mosquitoes
  A soldier ant (D:14)
  An acid dragon (D:15)
  13 water moccasins
  Duvessa (D:7)
  A sky beast (D:12)
  3 black bears
  6 ice beasts
  A necrophage (D:11)
  41 orc warriors
  2 phantoms (D:5)
  A meliai simulacrum (D:15)
  3 swamp drakes
  3 eyes of draining
  13 ogres
  4 lemures (D:8)
  15 wolves
  6 centaurs
  2 big kobolds
  17 bullfrogs
  A wyvern skeleton (D:8)
  2 wyvern zombies
  Dowan (D:7)
  4 scorpions
  6 wights
  9 killer bees
  2 howler monkeys (D:7)
  A quasit (D:11)
  4 centaur zombies
  3 draconian simulacra (IceCv)
  2 bullfrog zombies (D:12)
  5 jellies
  A bullfrog skeleton (D:10)
  9 hounds
  40 orc wizards
  25 orc priests
  Jessica (D:3)
  Terence (D:2)
  4 iguanas
  5 worker ants
  3 spriggan simulacra (IceCv)
  2 troll simulacra (IceCv)
  2 centaur simulacra
  A howler monkey zombie (D:6)
  6 gnolls
  2 worker ant zombies
  13 adders
  A naga simulacrum (IceCv)
  2 shadow imps
  2 white imps (D:7)
  4 ufetubi
  2 oozes
  An adder skeleton (D:5)
  3 worms
  2 dart slugs
  4 leopard geckos
  99 orcs
  7 bats
  4 giant cockroaches
  9 goblins
  5 hobgoblins
  11 jackals
  17 kobolds
  4 quokkas
  3 ball pythons (D:3)
  8 frilled lizards
  A leopard gecko skeleton (D:4)
  7 rats
817 creatures vanquished.

Vanquished Creatures (others)
  An alligator (Swamp:3)
  A spriggan druid (Swamp:3)
  A swamp dragon (Swamp:2)
  3 bloated husks
  2 swamp worms (Swamp:3)
  2 orcs (Orc:1)
  56 foxfires
  24 fungi
  22 plants
112 creatures vanquished.

Grand Total: 929 creatures vanquished

Notes
Turn   | Place    | Note
-------+----------+-------------------------------------------
     0 | D:1      | Almogavar the Minotaur Fighter began the quest for the Orb.
     0 | D:1      | Reached XP level 1. HP: 19/19 MP: 0/0
   245 | D:1      | Reached XP level 2. HP: 27/27 MP: 1/1
   280 | D:1      | Reached skill level 4 in Fighting
   982 | D:2      | Reached XP level 3. HP: 29/33 MP: 2/2
  1238 | D:2      | Reached skill level 1 in Dodging
  1382 | D:2      | Noticed Terence
  1393 | D:2      | Killed Terence
  1394 | D:2      | Reached XP level 4. HP: 37/40 MP: 3/3
  1849 | D:3      | Noticed Jessica
  2205 | D:3      | Killed Jessica
  2206 | D:3      | Reached XP level 5. HP: 45/47 MP: 4/4
  2265 | D:3      | Reached skill level 5 in Armour
  3123 | D:3      | Noticed an eye of draining
  3127 | D:3      | Reached XP level 6. HP: 53/53 MP: 0/5
  3153 | D:3      | Reached skill level 5 in Shields
  3264 | D:3      | Found a bloodstained altar of Trog.
  3275 | D:3      | Reached skill level 5 in Long Blades
  3504 | D:4      | Found a hazy altar of Hepliaklqana.
  3610 | D:4      | Found a sacrificial altar of Ru.
  3717 | D:4      | Found an iron altar of Okawaru.
  3891 | D:4      | Found a hide-covered altar of Uskayaw.
  3894 | D:4      | Found an opulent altar of Gozag.
  3899 | D:4      | Found a shimmering blue altar of Sif Muna.
  4006 | D:5      | Entered Level 5 of the Dungeon
  4017 | D:5      | Reached XP level 7. HP: 55/60 MP: 6/6
  4028 | D:5      | Reached skill level 5 in Fighting
  4054 | D:5      | Found Xoilik's General Store.
  4127 | D:5      | Found a shadowy altar of Dithmenos.
  4550 | D:5      | Found Cuviul's Antique Armour Emporium.
  4671 | D:5      | Found Tunufino's Antique Armour Shoppe.
  4925 | D:5      | Found Kereq's Armour Boutique.
  5098 | D:5      | Found Qic Nedd's Antique Weapon Shoppe.
  5316 | D:6      | Reached XP level 8. HP: 68/68 MP: 7/7
  5381 | D:6      | Noticed Grinder
  5385 | D:6      | Paralysed by Grinder for 2 turns
  5397 | D:6      | Paralysed by Grinder for 3 turns
  5403 | D:6      | Killed Grinder
  5694 | D:6      | Found a staircase to the Ecumenical Temple.
  5703 | Temple   | Entered the Ecumenical Temple
  5812 | Temple   | Became a worshipper of the Shining One
  6649 | D:7      | Noticed Duvessa
  6654 | D:7      | Noticed Dowan
  6667 | D:7      | Killed Duvessa
  6676 | D:7      | Killed Dowan
  6677 | D:7      | Reached skill level 6 in Fighting
  7011 | D:7      | Reached XP level 9. HP: 75/75 MP: 8/8
  7835 | D:7      | Reached skill level 7 in Fighting
  7835 | D:7      | Reached skill level 10 in Long Blades
  7835 | D:7      | Reached skill level 5 in Dodging
  7835 | D:7      | Reached XP level 10. HP: 88/88 MP: 8/11
  7944 | D:8      | Reached skill level 8 in Fighting
  7992 | D:8      | Noticed Maurice
  8044 | D:8      | Reached * piety under the Shining One
  8582 | D:8      | Noticed Erica
  8596 | D:8      | Killed Erica
  9120 | D:8      | Noticed Pikel
  9133 | D:8      | Killed Pikel
  9134 | D:8      | Reached skill level 10 in Shields
  9276 | D:8      | Killed Maurice
  9693 | D:9      | Found Vuikaimm's Book Boutique.
  9776 | D:9      | Found Esirach's Book Shop.
  9803 | D:9      | Found a staircase to the Lair.
  9818 | D:9      | Reached XP level 11. HP: 85/95 MP: 12/12
  9969 | D:9      | Found Zollal's Distillery.
 10056 | D:9      | Found Vokka's Antique Armour Shop.
 10149 | D:9      | Reached skill level 10 in Armour
 10341 | D:10     | Entered Level 10 of the Dungeon
 10487 | D:10     | Reached ** piety under the Shining One
 10516 | D:10     | Got a transparent morningstar
 10546 | D:10     | Found a snail-covered altar of Cheibriados.
 10592 | D:10     | Got a jewelled flail
 11150 | D:11     | Noticed an unseen horror
 11171 | D:11     | Killed an unseen horror
 11585 | D:11     | Found a staircase to the Orcish Mines.
 11599 | D:11     | Noticed a two-headed ogre
 11603 | D:11     | Noticed a boulder beetle
 11610 | D:11     | Killed a two-headed ogre
 11611 | D:11     | Reached skill level 9 in Fighting
 11649 | D:11     | Killed a boulder beetle
 11925 | D:11     | Found a shimmering altar of Xom.
 11925 | D:11     | Found a shimmering altar of Xom.
 11926 | D:11     | Found a shimmering altar of Xom.
 11926 | D:11     | Found a shimmering altar of Xom.
 11926 | D:11     | Found a shimmering altar of Xom.
 11926 | D:11     | Found a shimmering altar of Xom.
 12375 | D:11     | Noticed an emperor scorpion
 12402 | Orc:1    | Entered Level 1 of the Orcish Mines
 12749 | Orc:1    | Noticed an orc knight
 12750 | Orc:1    | Noticed an orc sorcerer
 12811 | Orc:1    | Noticed a soul eater
 12819 | D:11     | Killed an orc knight
 12859 | Orc:1    | Killed an orc sorcerer
 13112 | Orc:2    | Entered Level 2 of the Orcish Mines
 13116 | Orc:2    | Noticed an orc knight
 13161 | Orc:2    | Reached *** piety under the Shining One
 13182 | Orc:1    | Killed an orc knight
 13183 | Orc:1    | Reached XP level 12. HP: 105/105 MP: 13/13
 13372 | Orc:2    | Found a staircase to the Elven Halls.
 13487 | Orc:1    | Found a roughly hewn altar of Beogh.
 13785 | Orc:2    | Noticed an orc high priest
 13789 | Orc:2    | Noticed an orc warlord
 13796 | Orc:2    | Killed an orc high priest
 13849 | Orc:1    | Paralysed by an orc sorcerer for 6 turns
 13861 | Orc:1    | Reached skill level 10 in Fighting
 14274 | Orc:2    | Noticed an orc high priest
 15716 | Orc:1    | Killed an orc high priest
 15904 | Orc:2    | Killed an orc warlord
 16283 | Orc:2    | Noticed an orc high priest
 16290 | Orc:2    | Killed an orc high priest
 16416 | Orc:2    | Found Xuotwi's General Store.
 16420 | Orc:2    | Found Wougurph's Antique Armour Shoppe.
 16420 | Orc:2    | Found Qaweibb's Antique Weapon Emporium.
 16420 | Orc:2    | Noticed an orc high priest
 16421 | Orc:2    | Found Higud's Jewellery Shoppe.
 16434 | Orc:2    | Killed an orc high priest
 16439 | Orc:2    | Reached skill level 11 in Fighting
 16488 | Orc:2    | Bought a scroll of magic mapping for 42 gold pieces
 16576 | Orc:2    | Found a roughly hewn altar of Beogh.
 16659 | Orc:2    | Found Etzem's General Store.
 17036 | D:11     | Noticed an alligator snapping turtle
 17059 | Lair:1   | Entered Level 1 of the Lair of Beasts
 17212 | Lair:1   | Reached XP level 13. HP: 116/116 MP: 14/14
 17320 | Lair:1   | Got a sparkling bronze amulet
 17330 | Lair:1   | Identified the amulet "Hemithues" {rPois Regen+ Dex+3} (You
                  | found it on level 1 of the Lair of Beasts)
 17355 | Lair:1   | Reached **** piety under the Shining One
 18160 | Lair:2   | Reached skill level 12 in Fighting
 18403 | Lair:2   | Found a staircase to the Swamp.
 18426 | Lair:2   | You fall into a shaft and drop 1 floor!
 18625 | Lair:2   | Found a hole to the Spider Nest.
 18747 | Lair:2   | Reached skill level 13 in Fighting
 18964 | Lair:2   | Noticed Gastronok
 18983 | Lair:2   | Killed Gastronok
 19287 | Lair:3   | Got a smoking demon whip
 19634 | Lair:3   | Identified the +5 morningstar of Nuuneume {protect, Will++
                  | Int+3 Dex-4} (You found it on level 10 of the Dungeon)
 19635 | Lair:3   | Identified the +9 flail of Gucviwov {flame, Str-2 Int+4}
                  | (You found it on level 10 of the Dungeon)
 19683 | Lair:4   | Reached XP level 14. HP: 129/129 MP: 15/15
 20580 | Lair:5   | Reached skill level 14 in Fighting
 21013 | Lair:6   | Entered Level 6 of the Lair of Beasts
 21059 | Lair:6   | Reached skill level 15 in Shields
 21833 | Lair:6   | Reached skill level 15 in Fighting
 22056 | Lair:6   | Identified the Collected Works on Translocation and Dark
                  | Arts
 22545 | D:12     | Noticed Sonja
 22556 | D:12     | Killed Sonja
 22764 | D:12     | Noticed Kirke
 22786 | D:12     | Killed Kirke
 22863 | D:12     | Reached ***** piety under the Shining One
 23233 | D:13     | Found a frozen archway.
 23252 | IceCv    | Entered an ice cave
 23282 | IceCv    | Reached skill level 16 in Fighting
 23644 | IceCv    | Reached XP level 15. HP: 144/144 MP: 17/17
 24643 | D:14     | Found a gate to the Vaults.
 24742 | D:14     | Reached skill level 15 in Armour
 24745 | D:14     | Found the +3 giant club "Skullcrusher" {speed, Str+7}
 24840 | D:14     | Reached ****** piety under the Shining One
 25255 | D:14     | Reached skill level 17 in Fighting
 25571 | D:15     | Entered Level 15 of the Dungeon
 25841 | D:15     | Found Leiriomodo's General Store.
 26036 | D:15     | Found Macaamin's Antique Armour Shoppe.
 26070 | D:15     | Found Nuwil's Distillery.
 26073 | D:15     | Bought 2 potions of haste for 260 gold pieces
 26123 | D:15     | Found Pifruc's Antique Weapon Boutique.
 26150 | D:15     | Bought a smoking hand crossbow for 246 gold pieces
 26150 | D:15     | Identified the cursed +1 hand crossbow of Exquisite Death
                  | {freeze, Fragile rF+ Int+6 Dex+4} (You bought it in a shop
                  | on level 15 of the Dungeon)
 26158 | D:15     | Found Sigaox's Armour Boutique.
 26460 | D:15     | Found a staircase to the Depths.
 26877 | Swamp:1  | Entered Level 1 of the Swamp
 26886 | Swamp:1  | Reached skill level 5 in Crossbows
 27783 | Swamp:2  | Reached skill level 18 in Fighting
 27783 | Swamp:2  | Reached XP level 16. HP: 151/157 MP: 18/18
 29247 | Swamp:3  | Noticed Nikola
 29287 | Swamp:3  | HP: 7/159 [Nikola/chain lightning (28)]
 29287 | Swamp:3  | The Shining One protects you from harm!
 29287 | Swamp:3  | Killed from afar by Nikola

Illustrated notes

Levels and vault maps discovered:
D:1:      dpeg_arrival_court, layout_loops_ring, serial_co_window_serial,
          co_window_paths_b, co_window_paths_a, co_window_paths_b,
          co_window_corner_a, co_window_paths_a, co_window_corner_a,
          co_window_paths_b, co_window_broadway_c, co_window_broadway_a,
          co_window_broadway_c, co_window_unsneaky_path_a, co_window_corner_b,
          glass_columns_b, glass_columns_b, glass_columns_c, glass_columns_a
D:2:      layout_loops_ring, uniq_terence, uniq_crazy_yiuf_cottage
D:3:      layout_rooms, trog_eyes_of_draining, uniq_jessica
D:4:      layout_rooms, nicolae_ru_great_annihilating_truth,
          nicolae_overflow_hidden_temple, amcnicky_mini_rare_corridor_liquid
D:5:      layout_loops_ring, serial_shops, shop, nicolae_shop_trees, shop,
          kennysheep_little_box, shop, basic_altar
D:6:      layout_layer_cave, minmay_temple_entry_stoned_glass, uniq_grinder
D:7:      layout_basic, minmay_misc_feat_nine_boxes, uniq_duvessa
D:8:      layout_gridville, uniq_erica, uniq_pikel, uniq_maurice
D:9:      lemuel_ice_statue, layout_rooms, david_lair_generic, serial_shops,
          nicolae_shop_competitors_out_of_business, nicolae_shop_stone, shop,
          shop
D:10:     layout_irregular_city, cheibriados_altar_1
D:11:     layout_loops_ring, orc_0_dummy, xom_shifter_show
D:12:     layout_rooms, uniq_sonja, uniq_kirke
D:13:     layout_long_grid, portal_ice_cave_demonic_guard,
          hangedman_decor_growths
D:14:     layout_irregular_city, erik_vaults_1, minmay_misc_feat_hallway,
          minmay_guarded_unrand_skullcrusher
D:15:     grunt_enter_depths_magical_seal, layout_long_grid, serial_park_square3
          [serial_park_minivault_5x5_8], serial_shops,
          nicolae_shop_behind_doors, shop, shop, shop_fountains,
          nicolae_shop_window_shopping, minmay_misc_feat_cross,
          nrook_mini_backslash
Temple:   lightli_temple_of_artemis
Lair:1:   layout_regular_city
Lair:2:   layout_chaotic_city, swamp_mist_pool,
          nicolae_spider_entry_tight_spaces, serial_bayou_pond_b, uniq_gastronok
Lair:3:   layout_cave_shapes
Lair:4:   layout_regular_city, minivault_27, grunt_megastairs_1,
          serial_bayou_shore_b
Lair:5:   layout_cave_shapes, minmay_slime_entry_oklob_open,
          serial_bayou_shore_b
Lair:6:   due_jungle_book, layout_long_grid
Swamp:1:  layout_falls_marsh, nicolae_swamp_dense_foliage
Swamp:2:  cheibrodos_swamp_heart_of_darkness, layout_basic_swamp,
          serial_swamp_ruin, evilmike_swamp_ruin_house_2,
          evilmike_swamp_ruin_house_5, evilmike_swamp_ruin_rubble_1, swamp_pool1
Swamp:3:  layout_falls_marsh, evilmike_swamp_ruin_house_3, uniq_nikola
Orc:1:    layout_diamond_mine, basic_altar, nicolae_orc_stony_grotto,
          nicolae_orc_sculptors_studio
Orc:2:    st_orc_congregation, layout_caves, basic_altar, serial_shops,
          shop_fountains

Skill      XL: |  1  2  3  4  5  6  7  8  9 10 11 12 13 14 15 16 |
---------------+-------------------------------------------------+-----
Fighting       | 4 5 6 7 8 9 11 13 16 18 | 18.9
Armour         | 4 5 6 7 9 11 12 13 14 15 16 | 16.7
Shields        | 4 5 7 8 9 10 11 12 14 15 | 15.0
Dodging        | 1 2 3 5 6 7 |  7.6
Long Blades    | 3 4 5 6 8 10 11 13 14 | 14.2
Crossbows      | 3 7 |  7.3
Invocations    | 3 4 |  4.6
Evocations     | 3 4 |  4.0
Stealth        | |  0.1

Action                   |  1- 3 |  4- 6 |  7- 9 | 10-12 | 13-15 | 16-18 || total
-------------------------+-------+-------+-------+-------+-------+-------++-------
Melee: Long sword        |    67 |   169 |   248 |    77 |       |       ||   561
       Headbutt          |     8 |    39 |    45 |   137 |   350 |    48 ||   627
       Scimitar          |       |       |       |   635 |  1218 |   248 ||  2101
 Fire: Hand crossbow     |       |       |       |       |    54 |       ||    54
Invok: Divine Shield     |       |       |       |     7 |     6 |     3 ||    16
Evoke: Wand              |       |       |       |    10 |     6 |     5 ||    21
  Use: Scroll            |       |     4 |     5 |     6 |    16 |     1 ||    32
       Potion            |       |       |     2 |     1 |     1 |     1 ||     5
 Stab: Paralysed         |       |     1 |       |       |       |       ||     1
Armor: Scale mail        |    25 |    44 |       |       |       |       ||    69
       Chain mail        |       |    39 |   111 |    57 |       |       ||   207
       Plate armour      |       |       |       |   248 |   513 |   157 ||   918
Dodge: Dodged            |    19 |    60 |    83 |   214 |   313 |    80 ||   769
Block: Kite shield       |    32 |   100 |   157 |   428 |   696 |   212 ||  1625
       Rpst.: Long sword |     5 |    12 |    19 |    11 |       |       ||    47
       Scimitar          |       |       |       |    40 |    64 |    22 ||   126
